 Dungeon Crawl Stone Soup version 0.29-a0-378-gc08b2e8bf8 (webtiles) character file.

Game seed: 15107925360066740725

96 zeratav the Skirmisher (level 4, 0/31 HPs)
             Began as a Kobold Gladiator on May 4, 2022.
             Slain by an orc priest
             ... wielding a +0 hand axe
              (3 damage)
             ... on level 3 of the Dungeon.
             The game lasted 00:02:25 (2237 turns).

zeratav the Skirmisher (Kobold Gladiator)           Turns: 2237, Time: 00:02:26

Health: 0/31       AC:  8    Str: 11    XL:     4   Next: 98%
Magic:  4/4        EV: 15    Int:  9    God:
Gold:   117        SH:  0    Dex: 18    Spells: 3/3 levels left

rFire   . . .      SeeInvis .   a - +0 rapier {short}
rCold   . . .      Faith    .   (no shield)
rNeg    . . .      Spirit   .   b - +0 leather armour
rPois   .          Reflect  .   c - +0 helmet
rElec   .          Harm     .   (no cloak)
rCorr   .          Rampage  .   (no gloves)
Will    .....                   (no boots)
Stlth   ++........              (no amulet)
HPRegen 0.10/turn               l - +4 ring of protection
MPRegen 0.09/turn               (no ring)

@: no status effects
A: small, no large weapons, nightstalker 3
a: no special abilities


You were on level 3 of the Dungeon.
You visited 1 branch of the dungeon, and saw 3 of its levels.

You collected 117 gold pieces.


Innate Abilities, Weirdness & Mutations

You are small and have problems with some larger weapons.
You are completely attuned to the shadows.


   Skills:
 - Level 5.0 Fighting
 + Level 4.4 Short Blades
 - Level 2.1 Throwing
 - Level 3.6 Dodging


You had 3 spell levels left.
You didn't know any spells.
Your spell library contained the following spells:

 Spells                   Type           Power      Damage    Failure   Level
 Ozocubu's Armour         Ice            0%         N/A       85%         3
 Ozocubu's Refrigeration  Ice            0%         4d5       100%        7

Inventory:

Hand Weapons
 a - a +0 rapier (weapon) {short}
Missiles
 d - 3 throwing nets {=fthrowing}
 e - 9 boomerangs {throwing}
 f - a silver boomerang (quivered) {throwing}
Armour
 b - a +0 leather armour (worn)
 c - a +0 helmet (worn)
 g - a +0 leather armour
   (You found it on level 1 of the Dungeon)
 j - a +0 leather armour
   (You found it on level 1 of the Dungeon)
 r - a +0 buckler
   (You found it on level 2 of the Dungeon)
 s - a +0 robe
   (You took it off Jessica on level 3 of the Dungeon)
 w - a +0 leather armour
   (You took it off an orc on level 3 of the Dungeon)
 x - a +0 leather armour
   (You took it off an orc on level 3 of the Dungeon)
 y - a +0 robe of the Archmagi
   (You took it off an orc wizard on level 3 of the Dungeon)
Jewellery
 l - a +4 ring of protection (left hand)
   (You found it on level 1 of the Dungeon)
Scrolls
 h - a scroll of fog {unknown}
 i - a scroll of blinking {unknown}
 m - a scroll of identify {unknown}
 n - a scroll of poison {unknown}
 p - a scroll of enchant armour {unknown}
 v - a scroll of fear {unknown}
 A - a scroll of teleportation {unknown}
Potions
 k - a potion of flight {unknown}
 o - a potion of degeneration {unknown}
 q - a potion of lignification {unknown}
 t - a potion of curing {unknown}
 u - a potion of heal wounds {unknown}
 z - a potion of cancellation {unknown}

Dungeon Overview and Level Annotations

Branches:
Dungeon (3/15)

Altars:

....(....P≈≈≈≈P≈...# ####.##.#
#######..≈≈P≈≈≈≈≈..###....##.#
#..≈..≈≈≈≈.≈..##.##.##.#
#...P.≈≈≈≈≈....#.#####<##
###....≈≈≈P≈.≈...# #.<.#
##..≈≈≈≈≈≈P≈..## #....
##.P.≈≈≈≈≈≈### #...#
#..≈≈.P≈≈≈≈ #.... #...@o≈P≈
##... ...##ooo≈P #.#..
###.......≈ #.#.# #..###..o
#.).# .. ... #.... ###...#
#...#.# .###.##<# ........#


You could see an orc priest and 4 orcs.


Message History

The silver boomerang {throwing} barely misses the kobold.
The kobold closely misses you.
You throw a silver boomerang {throwing}.
The silver boomerang {throwing} closely misses the kobold.
The kobold misses you.
HP[+1]
A kobold is nearby!
You barely miss the kobold. The kobold hits you but does no damage.
You closely miss the kobold. The kobold hits you with a +0 dagger.
HP[-1]
You take 1 damage, and now have 29/31 hp.
You hit the kobold.
You kill the kobold!
No target in view!
No target in view!
No target in view!
No target in view!
No target in view!
No target in view!
No target in view!
No target in view!
No target in view!
No target in view!
No target in view!
No target in view!
No target in view!
Things that are here:
a +0 dagger {short}; 2 stones {throwing} HP[+2]
Your hp is fully restored (31).
z - a dark potion
Things that are here:
a +0 dagger {short}; 2 stones {throwing} A kobold comes into view.
It is wielding a +0 short sword.
You throw a silver boomerang {throwing}.
The silver boomerang {throwing} hits the kobold.
You kill the kobold!
No target in view!
No target in view!
No target in view!
You enter the shallow water.
Moving in this stuff is going to be slow.
You enter the shallow water.
Moving in this stuff is going to be slow.
Found a stone staircase leading up.
You see here 26 stones {throwing}.
An orc priest comes into view. It is wielding a +0 hand axe.
You see here a scroll labelled LAS POL XIC.
An orc priest is nearby!
A - a scroll labelled LAS POL XIC An orc comes into view.
It is wielding a +0 flail.
The orc shouts!
The orc priest shouts!
You hear a shout!
An orc comes into view. It is wielding a +0 war axe.
The orc priest hits you with a +0 hand axe.
HP[-1]
You take 1 damage, and now have 30/31 hp.
You closely miss the orc priest.
The orc priest hits you but does no damage.
The orc shouts!
You hit the orc priest.
The orc priest invokes the aid of Beogh against you.
Beogh smites you!
* * * LOW HITPOINT WARNING * * *
The orc barely misses you.
An orc comes into view. It is wielding a +0 hand axe.
You are too injured to fight recklessly!
HP[-15]
You take 15 damage, and now have 15/31 hp.
MASSIVE DAMAGE!! (PAUSE)
You are too injured to fight recklessly!
You are too injured to fight recklessly!
You are too injured to fight recklessly!
You are too injured to fight recklessly!
You are too injured to fight recklessly!
You are too injured to fight recklessly!
You are too injured to fight recklessly!
You are too injured to fight recklessly!
You are too injured to fight recklessly!
You are too injured to fight recklessly!
You are too injured to fight recklessly!
You are too injured to fight recklessly!
You are too injured to fight recklessly!
You are too injured to fight recklessly!
You hit the orc priest.
The orc priest looks satisfied for a moment.
The orc hits you but does no damage.
You hit the orc priest. The orc barely misses you.
The orc priest hits you but does no damage.
HP[+1]
You closely miss the orc priest. The orc hits you with a +0 flail!
* * * LOW HITPOINT WARNING * * *
An orc comes into view. It is wielding a +0 dagger.
The orc priest barely misses you.
HP[-8]
You take 8 damage, and now have 8/31 hp.
MASSIVE DAMAGE!! (PAUSE)
You closely miss the orc priest. The orc hits you with a +0 flail.
* * * LOW HITPOINT WARNING * * *
The orc priest hits you with a +0 hand axe.
You die...

Skill      XL: |  1  2  3  4 |
---------------+-------------+-----
Fighting       | 3 4 5 |  5.0
Short Blades   | |  4.4
Throwing       | |  2.1
Dodging        | |  3.6

Action                   |  1- 3 |  4- 6 || total
-------------------------+-------+-------++-------
Melee: Rapier            |    14 |    22 ||    36
       Punch             |       |     1 ||     1
Throw: Boomerang         |    61 |    16 ||    77
 Stab: Sleeping          |     2 |       ||     2
Armor: Leather armour    |     7 |    12 ||    19
Dodge: Dodged            |    22 |    29 ||    51

Levels and vault maps discovered:
D:1:      grunt_arrival_crossed_arrows, layout_loops_ring,
          shapermc_ecumenical_altar_mp_urbaneastern
D:2:      layout_basic
D:3:      layout_loops_ring, chequers_big_river, uniq_jessica

Notes
Turn   | Place    | Note
-------+----------+-------------------------------------------
     0 | D:1      | zeratav the Kobold Gladiator began the quest for the Orb.
     0 | D:1      | Reached XP level 1. HP: 12/12 MP: 1/1
     0 | D:1      | magus.rc [v1.9.6]
   379 | D:1      | Reached skill level 3 in Fighting
   379 | D:1      | Reached XP level 2. HP: 11/19 MP: 2/2
   691 | D:1      | You add the spells Ozocubu's Armour and Ozocubu's
                  | Refrigeration to your library.
   740 | D:1      | Reached XP level 3. HP: 23/23 MP: 3/3
  1117 | D:1      | Found a faded altar of an unknown god.
  1209 | D:2      | Reached skill level 4 in Fighting
  1796 | D:3      | Noticed Jessica
  1799 | D:3      | Killed Jessica
  1800 | D:3      | Reached XP level 4. HP: 30/30 MP: 4/4
  1887 | D:3      | Identified a +0 robe of the Archmagi
  1897 | D:3      | Reached skill level 5 in Fighting
  2237 | D:3      | HP: 3/31 [orc/+0 flail (5)]
  2237 | D:3      | Slain by an orc priest

Vanquished Creatures
  Jessica (D:3)
  An orc wizard (D:3)
  3 dart slugs
  2 orcs (D:3)
  2 ball pythons
  2 bats (D:1)
  8 endoplasms
  A giant cockroach (D:1)
  2 hobgoblins (D:1)
  A quokka (D:1)
  5 frilled lizards
  2 goblins (D:1)
  4 kobolds
  3 rats
37 creatures vanquished.

Table legend:
 A = Non-vault XP
 B = Vault XP
 C = Vault XP percentage of total XP
 D = Non-vault monster count
 E = Vault monster count
 F = Vault count percentage of total count
                 A         B        C        D         E       F
            +---------+---------+-------+---------+---------+-------
      Total |     101 |      37 |  26.8 |      36 |       1 |   2.7
            +---------+---------+-------+---------+---------+-------
        D:1 |      44 |       0 |   0.0 |      24 |       0 |   0.0
        D:2 |      10 |       0 |   0.0 |       5 |       0 |   0.0
        D:3 |      47 |      37 |  44.0 |       7 |       1 |  12.5
            +---------+---------+-------+---------+---------+-------

Illustrated notes

Table legend:
 A = Kills in this place as a percentage of kills in entire the game.
 B = Kills by you in this place as a percentage of kills by you in the entire game.
 C = Kills by friends in this place as a percentage of kills by friends in the entire game.
 D = Other kills in this place as a percentage of other kills in the entire game.
 E = Experience gained in this place as a percentage of experience gained in the entire game.
 F = Experience gained in this place divided by the number of levels of this place that you have seen.
                   A       B       C       D       E      F
               +-------+-------+-------+-------+-------+----------------------
         Total | 100.0 | 100.0 |   N/A |   N/A | 100.0 |  46.0
       Dungeon | 100.0 | 100.0 |   N/A |   N/A | 100.0 |  46.0
               +-------+-------+-------+-------+-------+----------------------

Table legend: (Time is in decaauts)
 A = Elapsed time spent in this place.
 B = Non-inter-level travel time spent in this place.
 C = Inter-level travel time spent in this place.
 D = Time resting spent in this place.
 E = Time spent auto-exploring this place.
 F = Levels seen in this place.
 G = Mean time per level.
                   A        B        C        D        E       F      G
               +--------+--------+--------+--------+--------+-----+--------+
         Total |   2255 |   2239 |     16 |    230 |   1779 |   3 |  751.7 |
       Dungeon |   2255 |   2239 |     16 |    230 |   1779 |   3 |  751.7 |
               +--------+--------+--------+--------+--------+-----+--------+

Top non-repeatable levels by time:
     D:1: 1215 daAuts
     D:2: 584 daAuts
     D:3: 455 daAuts
